 Dungeon Crawl Stone Soup version 0.19-a0-1168-g98094fc (webtiles) character file.

3577 PurpleRed the Cleaver (level 10, 0/82 HPs)
             Began as a Human Berserker on Aug 15, 2016.
             Was a Priest of Trog.
             Slain by an ufetubus (3 damage)
             ... on level 8 of the Dungeon.
             The game lasted 00:19:26 (2782 turns).

PurpleRed the Cleaver (Human Berserker)             Turns: 2782, Time: 00:19:27

Health: 0/82       AC: 10    Str: 20    XL:     10   Next: 31%
Magic:  10/10      EV: 11    Int:  8    God:    Trog [***...]
Gold:   341        SH:  0    Dex: 13    Spells: 0 memorised, 9 levels left

rFire  . . .     SeeInvis .     a - +1 hand axe
rCold  . . .     Gourm    +     D - +0 scale mail
rNeg   . . .     Faith    .     (no shield)
rPois  .         Spirit   .     p - +2 helmet
rElec  .         Dismiss  .     (no cloak)
rCorr  .         Reflect  .     g - +0 pair of gloves
MR     ++...     Harm     .     (no boots)
Stlth  ..........               k - amulet of the gourmand
                                B - ring of wizardry
                                h - +1 ring of evasion

@: lethally poisoned (0 -> 0), regenerating
A: no striking features
a: Berserk, Trog's Hand, Burn Spellbooks, Renounce Religion


You were on level 8 of the Dungeon.
You worshipped Trog.
Trog was most pleased with you.
You were completely stuffed.

You visited 2 branches of the dungeon, and saw 10 of its levels.

You collected 341 gold pieces.

Inventory:

Hand Weapons
 a - a +1 hand axe (weapon)
 b - the +2 bardiche of the Dungeon {drain, rF+ rC+ Int+3}
   (You found it on level 6 of the Dungeon)

   A truly terrible weapon, it drains the life of those it strikes.
   It affects your intelligence (+3).
   It protects you from fire.
   It protects you from cold.
Armour
 f - a +0 ring mail
 g - a +0 pair of gloves (worn)
 p - a +2 helmet (worn)
 x - a +0 buckler
 D - a +0 scale mail (worn)
Jewellery
 h - a +1 ring of evasion (left hand)
 k - an amulet of the gourmand (around neck)
 m - an uncursed amulet of harm
 B - a ring of wizardry (right hand)
Wands
 C - a wand of flame (22/48)
 F - a wand of lightning (9/15)
Scrolls
 l - a scroll of teleportation
 v - a scroll of recharging
 y - a scroll of enchant weapon
 z - a scroll of remove curse
 A - a scroll of fog
Potions
 d - 2 potions of heal wounds
 e - 4 potions of curing {unknown}
 i - a potion of magic
 j - a potion of brilliance
 o - a potion of ambrosia {unknown}
 q - 4 potions of degeneration {unknown}
 t - a potion of cancellation {unknown}
 u - a potion of flight {unknown}
 w - a potion of lignification {unknown}
 G - a potion of cure mutation {unknown}
Books
 r - a book of Geomancy

   Spells                             Type                      Level
   a - Sandblast                      Earth                        1
   b - Passwall                       Transmutation/Earth          2
   c - Stone Arrow                    Conjuration/Earth            3
   d - Petrify                        Transmutation/Earth          4
   e - Lee's Rapid Deconstruction     Earth                        5
   Trog disapproves of the use of such an item.
Comestibles
 c - 4 bread rations
 n - a meat ration
 s - a royal jelly
 E - 2 fruits
 H - 3 chunks of flesh


   Skills:
 + Level 8.7 Fighting
 * Level 11.8 Axes
 - Level 2.0 Armour
 - Level 2.0 Dodging


You had 9 spell levels left.
You didn't know any spells.

Dungeon Overview and Level Annotations

Branches:
Dungeon (9/15)             Temple (1/1) D:7             Orc (0/2) D:9
   Lair: D:8-11

Altars:
Ashenzari
Cheibriados
Dithmenos
Elyvilon
Fedhas
Gozag
Hepliaklqana
Nemelex Xobeh
Okawaru
Pakellas
Qazlal
Ru
Trog
Uskayaw
Vehumet
Xom
Zin
The Shining One


Message History

You feel sick.
The yak bellows!
The ufetubus shouts!
The white imp completely misses you. 2 electric eels come into view.
You feel sick.
The electric eel shoots out a bolt of lightning at you!
The bolt of electricity hits you!
* * * LOW HITPOINT WARNING * * *
The bolt of electricity hits the white imp.
The white imp dies!
The bolt of electricity misses you. The yak gores you!
* * * LOW HITPOINT WARNING * * *
A killer bee simulacrum comes into view.
You feel sick.
The electric eel shoots out a bolt of lightning at you!
The bolt of electricity hits the electric eel.
The electric eel completely resists.
The bolt of electricity hits you!
* * * LOW HITPOINT WARNING * * *
You feel sick. The ufetubus hits you.
You die...

...≈≈.≈;≈;≈.≈≈≈
≈≈≈≈≈........≈.
≈≈≈....∩..∩....
≈≈≈.≈.......≈.≈
+.......≈≈≈≈≈≈≈≈≈≈.
#.........≈≈≈Z≈≈≈.. #...#
#............
###...#######.###########.#
#.#..........@5.†...........#
......###############.#####
#####........# #.#
#............# #.#
####.###.##.....# #.#
......##.##.....##########.#
......##...................#
......#####.....############
......# #.....#


You could see a killer bee simulacrum and an ufetubus.

Vanquished Creatures
  Pikel (D:8)
  The ghost of tijit the Spear-Bearer, a novice TeFE (D:6)
  A polar bear (D:8)
  4 yaks (D:8)
  A steam dragon (D:8)
  2 ice beasts
  2 phantoms
  2 wolves (D:8)
  2 ogres
  A centaur (D:5)
  2 giant frogs
  4 scorpions
  3 howler monkeys (D:7)
  4 crimson imps
  A giant frog zombie (D:6)
  A jelly (D:7)
  A giant frog skeleton (D:4)
  2 hounds
  An orc wizard (D:5)
  3 iguanas
  3 worker ants
  A worker ant zombie (D:6)
  11 gnolls
  A howler monkey skeleton (D:4)
  7 adders
  2 white imps (D:8)
  An ooze (D:5)
  2 worms
  3 giant geckos
  4 orcs
  A bat (D:3)
  2 giant cockroaches (D:4)
  6 goblins
  5 hobgoblins
  11 jackals
  A quokka (D:6)
  A giant gecko skeleton (D:8)
  A giant newt (D:4)
  2 jackal skeletons
  3 kobolds (D:2)
  A rat (D:2)
108 creatures vanquished.

Vanquished Creatures (others)
  A white imp (D:8)
  A quokka (D:6)
2 creatures vanquished.

Grand Total: 110 creatures vanquished

Notes
Turn   | Place    | Note
-------+----------+-------------------------------------------
     0 | D:1      | PurpleRed the Human Berserker began the quest for the Orb.
     0 | D:1      | Reached XP level 1. HP: 18/18 MP: 1/1
   160 | D:3      | Reached XP level 2. HP: 24/24 MP: 2/2
   346 | D:3      | Reached XP level 3. HP: 29/29 MP: 3/3
   405 | D:2      | Reached skill level 4 in Axes
   405 | D:2      | Reached XP level 4. HP: 37/37 MP: 4/4
   559 | D:4      | Noticed a phantom
   572 | D:4      | Reached ** piety under Trog
   572 | D:4      | Reached XP level 5. HP: 20/42 MP: 5/5
   623 | D:4      | Killed a phantom
   623 | D:4      | Reached skill level 5 in Axes
   623 | D:4      | Reached XP level 6. HP: 22/49 MP: 6/6
  1079 | D:5      | Entered Level 5 of the Dungeon
  1079 | D:5      | Noticed a phantom
  1088 | D:5      | Killed a phantom
  1088 | D:5      | Reached skill level 6 in Axes
  1088 | D:5      | Reached XP level 7. HP: 55/55 MP: 7/7
  1091 | D:5      | Reached skill level 5 in Fighting
  1266 | D:4      | Found a bloodstained altar of Trog.
  1297 | D:5      | Reached skill level 7 in Axes
  1298 | D:5      | Reached XP level 8. HP: 54/63 MP: 8/8
  1317 | D:5      | Found a radiant altar of Vehumet.
  1422 | D:6      | Noticed tijit's ghost (novice TeFE)
  1534 | D:6      | Killed tijit's ghost
  1534 | D:6      | Reached skill level 8 in Axes
  1541 | D:6      | Got a dazzling bardiche
  1598 | D:6      | Identified the +2 bardiche of the Dungeon {drain, rF+ rC+ Int+3} (You found it on level 6 of the Dungeon)
  1676 | D:6      | Reached skill level 9 in Axes
  1796 | D:5      | Reached *** piety under Trog
  1796 | D:5      | Reached XP level 9. HP: 65/71 MP: 9/9
  2080 | D:6      | Found an opulent altar of Gozag.
  2119 | D:6      | Found a white marble altar of Elyvilon.
  2212 | D:7      | Found a radiant altar of Vehumet.
  2215 | D:7      | Found a hide-covered altar of Uskayaw.
  2326 | D:7      | Found a staircase to the Ecumenical Temple.
  2346 | Temple   | Entered the Ecumenical Temple
  2415 | D:7      | Reached skill level 10 in Axes
  2520 | D:7      | Found a blossoming altar of Fedhas.
  2557 | D:8      | Noticed Pikel
  2578 | D:8      | Killed Pikel
  2578 | D:8      | Reached skill level 11 in Axes
  2578 | D:8      | Reached XP level 10. HP: 22/80 MP: 10/10
  2623 | D:9      | Found a staircase to the Orcish Mines.
  2780 | D:8      | HP: 1/82 [electric eel/bolt of electricity (8)]
  2782 | D:8      | Slain by an ufetubus

Vault maps used:
D:1:      saegor_arrival_miasma, hangedman_glass_teeth,
          roderic_digamma_sauvastika, corexii_corridor_pit
D:2:      uniq_iyjb, uniq_crazy_yiuf_cottage
D:3:      first_bread, kennysheep_cross_room
D:4:      lemuel_round_altar, corexii_checkpoint_a
D:5:      vehumet_altar_wand_db
D:6:      elyvilon_altar_4, kennysheep_little_box
D:7:      kennysheep_steamy, lemuel_crystal_altar, fedhas_altar_2, basic_altar,
          uniq_joseph
D:8:      nicolae_ossuary_entry_ruins, serial_ice, serial_ice_i, serial_ice_a,
          serial_ice_f, serial_ice_g, uniq_pikel
D:9:      demons_altar, marbit_many_paths, grunt_temple_overflow_open,
          minmay_lair_entry_lava, orc_0_dummy, grunt_pizzeria, minmay_checkerbox
Temple:   nicolae_temple_x_marks_the_god

Skill      XL: |  1  2  3  4  5  6  7  8  9 |
---------------+----------------------------+-----
Axes           | 4 5 6 7 9 11 | 11.8
Fighting       | 4 5 6 8 |  8.7
Armour         | |  2.0
Dodging        | |  2.0

Action                   |  1- 3 |  4- 6 |  7- 9 | 10-12 || total
-------------------------+-------+-------+-------+-------++-------
Melee: Hand axe          |    69 |    75 |   238 |    57 ||   439
       Halberd           |       |    38 |       |       ||    38
Invok: Berserk           |     3 |     5 |    11 |     2 ||    21
       Trog's Hand       |       |     1 |     4 |     2 ||     7
  Use: Scroll            |       |     5 |    10 |       ||    15
  Eat: Chunk             |       |    17 |    15 |     6 ||    38
       Bread ration      |       |       |     1 |       ||     1
Armor: Ring mail         |    22 |    54 |    24 |       ||   100
       Scale mail        |       |       |    69 |    30 ||    99
Dodge: Dodged            |    36 |    76 |   130 |    43 ||   285
